 Dungeon Crawl Stone Soup version 0.17-a0-1651-gae1a69f (webtiles) character file.

15465 matakusis the Blocker (level 12, -4/92 HPs)
             Began as a Demonspawn Gladiator on Aug 13, 2015.
             Was the Champion of Yredelemnul.
             Slain by an ogre
             ... wielding a +0 giant club
              (7 damage)
             ... on level 4 of the Orcish Mines on Aug 14, 2015.
             The game lasted 01:34:18 (14645 turns).

matakusis the Blocker (Demonspawn Gladiator)       Turns: 14645, Time: 01:34:24

Health: -4/92      AC: 21    Str: 23    XL:     12   Next: 1%
Magic:  0/12       EV:  7    Int: 11    God:    Yredelemnul [******]
Gold:   1304       SH: 19    Dex: 14    Spells: 1 memorised, 8 levels left

rFire  . . .     SeeInvis .     d - +1 hand axe (venom)
rCold  + . .     Clarity  .     j - +2 plate armour {rC+}
rNeg   . . .     SustAt   .     u - +1 large shield
rPois  .         Gourm    .     (helmet restricted)
rElec  .         Spirit   +     (no cloak)
rCorr  .         Warding  .     (no gloves)
rMut   .         Rnd*Tele +     G - +0 pair of boots
MR     .....                    p - amulet of rage
Stlth  ..........               F - +4 ring of strength
                                P - ring of teleportation

@: about to teleport, very slightly contaminated, not resistant to hostile
enchantments, extremely unstealthy
A: horns 1, iridescent scales 2, demonic guardian 1, spit poison 1, wild magic
1, magic shield, magic regeneration
a: Spit Poison, Animate Dead, Recall Undead Slaves, Injury Mirror, Drain Life,
Enslave Soul, Renounce Religion, Evoke Berserk Rage, Evoke Teleportation


You were on level 4 of the Orcish Mines.
You worshipped Yredelemnul.
Yredelemnul was exalted by your worship.
You were hungry.

You visited 3 branches of the dungeon, and saw 15 of its levels.
You also visited: Ice Cave.

You collected 1364 gold pieces.
You spent 60 gold pieces at shops.

Inventory:

Hand weapons
 a - a +1 war axe
 d - a +1 hand axe of venom (weapon)
 y - a +2 whip of flaming
 I - a +1 spear of venom
 J - a +3 hand axe
 O - a cursed -3 spear
Missiles
 c - 10 tomahawks of returning (quivered)
Armour
 j - a +2 plate armour of cold resistance (worn)
 r - a +2 scale mail of cold resistance
 u - a +1 large shield (worn)
 w - a +2 chain mail of fire resistance
 G - a +0 pair of boots (worn)
Jewellery
 f - an uncursed amulet of the gourmand
 p - an amulet of rage (around neck)
 t - an uncursed ring of positive energy
 E - a +3 ring of intelligence
 F - a +4 ring of strength (right hand)
 K - an uncursed ring of poison resistance
 P - a ring of teleportation (left hand)
Magical devices
 b - a wand of confusion (16)
 h - a wand of invisibility (2)
 l - a wand of enslavement (2)
 v - a wand of random effects (21)
 x - a wand of fireball (2)
 B - a wand of slowing (7)
 C - a wand of disintegration (9)
 L - a wand of lightning (1)
 N - a wand of frost (20)
Scrolls
 i - a scroll of recharging
 k - 2 scrolls of magic mapping
 m - 5 scrolls of amnesia
 o - 3 scrolls of noise
 s - a scroll of identify
 A - 3 scrolls of fog
 H - 5 scrolls of teleportation
Books
 z - a book of Necromancy

   Spells                             Type                      Level
   a - Pain                           Necromancy                   1
   b - Animate Skeleton               Necromancy                   1
   c - Vampiric Draining              Necromancy                   3
   d - Regeneration                   Charms/Necromancy            3
   e - Animate Dead                   Necromancy                   4
   f - Control Undead                 Necromancy                   4
Comestibles
 e - 3 bread rations
 g - 2 slices of pizza
 n - 10 royal jellies
 q - 6 meat rations
 D - 2 chunks of flesh


   Skills:
 * Level 7.8 Fighting
 * Level 8.5 Axes
 - Level 0.3(5.2) Maces & Flails
 - Level 1.7 Throwing
 + Level 5.1 Armour
 + Level 6.4 Dodging
 * Level 11.1 Shields
 * Level 6.1 Necromancy
 - Level 0.3 Invocations


You had 8 spell levels left.
You knew the following spells:

 Your Spells              Type           Power        Failure   Level  Hunger
a - Regeneration          Chrm/Necr      ##........   100%        3    ####...


Dungeon Overview and Level Annotations

Branches:
Dungeon (10/15)            Temple (1/1) D:7            Lair (0/8) D:10
    Orc (4/4) D:10            Elf (0/3) Orc:3

Altars:
Ashenzari
Cheibriados
Dithmenos
Elyvilon
Fedhas
Gozag
Kikubaaqudgha
Makhleb
Nemelex Xobeh
Okawaru
Qazlal
Ru
Sif Muna
Trog
Vehumet
Xom
Yredelemnul
Zin
The Shining One
Beogh

Shops:
D:4 }?   D:5 ?


Innate Abilities, Weirdness & Mutations

You have a pair of small horns on your head.
You are mostly covered in iridescent scales (AC +6).
A weak demonic guardian rushes to your aid.
When hurt, damage is shared between your health and your magic reserves.
You regenerate magic rapidly.
You can spit weak poison.
Your spells are a little harder to cast, but a little more powerful.


Message History

The crystal spear hits you!
* * * LOW HITPOINT WARNING * * *
You aren't carrying any potions.
Unknown command.
Read which item? (? for menu, Esc to quit)
As you read the scroll of teleportation, it crumbles to dust.
You feel strangely unstable.
You flicker back into view.
You kill the ogre mage!
Yredelemnul accepts your kill.
You have reached level 12!
Your experience leads to an increase in your attributes!
Your base attributes are Str 18, Int 11, Dex 13.
Increase (S)trength, (I)ntelligence, or (D)exterity?
You feel stronger.
You feel agile. Something hits you.
* * * LOW HITPOINT WARNING * * *
The ogre hits you with a giant club!
You die...
Your body rises from the dead as a mindless zombie.

##...........##.........).##.....
........................)).......
.......#............#.....)[[....
.......#.........####....))Z.....
........#..........###...........
.......#...........##...........#
.................................
.............#...................
#..........###..@........#.#.....
##......... ###)O.......###.<...
#......... #.##.O)....# ##....
#...... ####......## ##...
#..)).### #### ####.#.# #.#)##
##)).# ######.#####


You could see 2 ogres.

Vanquished Creatures
  An orc warlord (Orc:4)
  Erolcha (D:8)
  An ogre mage (Orc:4)
  2 orc knights (D:10)
  Pikel (D:4)
  An orc sorcerer (Orc:1)
  3 two-headed ogres (Orc:4)
  The ghost of Cavalcadeur the Covered, an average HOFi of Beogh (D:4)
  A wyvern (D:8)
  A deep elf mage (D:9)
  A hippogriff (D:8)
  A warg (Orc:4)
  Edmund (D:5)
  12 orc warriors
  7 ice beasts
  2 sky beasts (D:7)
  A water moccasin (D:7)
  2 phantoms
  A centaur (D:5)
  15 ogres
  2 gnoll sergeants
  2 giant frogs
  A wyvern zombie (D:7)
  A scorpion (D:7)
  2 wights (D:10)
  4 hounds
  3 iguanas
  A jelly (D:5)
  A giant frog zombie (D:10)
  7 orc priests
  A centaur skeleton (D:10)
  10 orc wizards
  6 worker ants
  A worker ant zombie (D:8)
  Robin (D:3)
  10 adders
  7 gnolls
  A shadow imp (D:7)
  2 oozes
  An adder zombie (D:7)
  2 adder skeletons (D:5)
  4 giant geckos
  102 orcs
  6 ball pythons
  8 giant cockroaches
  14 hobgoblins
  3 jackals (D:4)
  9 kobolds
  3 quokkas
  7 bats
  A giant gecko zombie (D:4)
  A giant newt (D:3)
  15 goblins
  A jackal skeleton (D:4)
  8 rats
  A bush (D:5)
305 creatures vanquished.

Vanquished Creatures (collateral kills)
  Nessos (Orc:4)
  A hill giant (D:9)
  3 wolves (D:8)
  Maurice (D:8)
  A komodo dragon (D:10)
  2 two-headed ogres (Orc:4)
  A troll (D:10)
  3 deep elf magi (D:9)
  9 yaks (D:9)
  Eustachio (D:5)
  Grum (D:8)
  A water moccasin (D:10)
  A warg (Orc:1)
  2 centaurs
  5 ice beasts
  2 phantoms (D:9)
  7 orc warriors
  5 ogres
  A gnoll sergeant (D:10)
  3 giant frogs
  A scorpion (D:10)
  A wight (D:10)
  A crimson imp (D:5)
  4 hounds
  7 orc priests
  5 orc wizards
  4 jellies (D:8)
  2 worker ants
  8 gnolls
  An adder (D:6)
  5 oozes (D:8)
  51 orcs
  2 hobgoblins (D:3)
  A jackal (D:5)
  A giant cockroach zombie (D:6)
  A giant newt (D:2)
  2 goblins (D:3)
  A quokka skeleton (D:10)
  2 plants (D:10)
151 creatures vanquished.

Vanquished Creatures (others)
  A centaur zombie (Orc:4)
  13 flying skulls
  4 wraiths
  5 orc skeletons
  A warg zombie (Orc:4)
  2 wights
  A two-headed ogre zombie (Orc:4)
  A mummy (D:10)
  A scorpion zombie (D:10)
  An orc (Orc:1)
  3 gnoll zombies (D:10)
  A giant newt zombie (D:2)
  3 goblin zombies (D:3)
  3 hobgoblin zombies
  2 kobold zombies
  36 orc zombies
  A plant (D:10)
79 creatures vanquished.

Grand Total: 535 creatures vanquished

Notes
Turn   | Place    | Note
--------------------------------------------------------------
     0 | D:1      | matakusis the Demonspawn Gladiator began the quest for the Orb.
     0 | D:1      | Reached XP level 1. HP: 16/16 MP: 1/1
   262 | D:1      | Reached skill level 3 in Axes
   262 | D:1      | Gained mutation: A weak demonic guardian rushes to your aid. [demonic ancestry]
   262 | D:1      | Reached XP level 2. HP: 19/22 MP: 2/2
   975 | D:2      | Found a faded altar to an unknown god.
   980 | D:2      | Became a worshipper of Yredelemnul the Dark
   980 | D:2      | Acquired Yredelemnul's first power
  1093 | D:2      | Gained mutation: You are partially covered in iridescent scales (AC +4). [demonic ancestry]
  1093 | D:2      | Reached XP level 3. HP: 19/27 MP: 1/3
  1242 | D:2      | Reached skill level 1 in Armour
  1778 | D:2      | Gained mutation: When hurt, damage is shared between your health and your magic reserves. [demonic ancestry]
  1778 | D:2      | Reached XP level 4. HP: 29/34 MP: 4/4
  2271 | D:3      | Noticed Robin
  2279 | D:3      | Acquired Yredelemnul's second power
  2320 | D:3      | Killed Robin
  2320 | D:3      | Reached skill level 1 in Shields
  2436 | D:3      | Found a deep blue altar of Sif Muna.
  2596 | D:3      | Gained mutation: You are mostly covered in iridescent scales (AC +6). [demonic ancestry]
  2596 | D:3      | Reached XP level 5. HP: 40/40 MP: 5/5
  2733 | D:3      | Noticed an ogre
  2748 | D:3      | Killed an ogre
  3043 | D:4      | Found Hymiogan's Magic Scroll Emporium.
  3051 | D:4      | Bought a scroll of identify for 24 gold pieces
  3161 | D:4      | Found Tetum's Gadget Shoppe.
  3230 | D:4      | Noticed a phantom
  3266 | D:4      | Killed a phantom
  3266 | D:4      | Reached XP level 6. HP: 35/47 MP: 6/6
  3446 | D:4      | Noticed a slave
  3447 | D:4      | Noticed a slave
  3448 | D:4      | Noticed Pikel
  3450 | D:4      | Noticed a slave
  3452 | D:4      | Noticed a slave
  3463 | D:4      | Killed Pikel
  3463 | D:4      | Reached skill level 4 in Fighting
  3463 | D:4      | Reached XP level 7. HP: 38/55 MP: 5/7
  3620 | D:4      | Noticed Cavalcadeur's ghost (average HOFi)
  3651 | D:4      | Killed Cavalcadeur's ghost
  3787 | D:4      | Reached XP level 8. HP: 61/61 MP: 8/8
  3921 | D:5      | Entered Level 5 of the Dungeon
  4075 | D:5      | Reached skill level 5 in Fighting
  4330 | D:5      | Learned a level 3 spell: Regeneration
  4378 | D:5      | Found Oxueget's Magic Scroll Emporium.
  4386 | D:5      | Noticed Eustachio
  4419 | D:5      | Killed Eustachio
  4419 | D:5      | Reached skill level 5 in Shields
  4556 | D:5      | Noticed Edmund
  4574 | D:5      | Killed Edmund
  4598 | D:5      | Reached skill level 1 in Necromancy
  4627 | D:5      | Reached skill level 5 in Axes
  4681 | D:5      | Acquired Yredelemnul's third power
  5166 | D:6      | Reached skill level 6 in Shields
  5528 | D:6      | Gained mutation: You regenerate magic rapidly. [demonic ancestry]
  5528 | D:6      | Reached XP level 9. HP: 62/68 MP: 7/9
  5614 | D:6      | Received a gift from Yredelemnul
  5990 | D:6      | Found a basalt altar of Yredelemnul.
  5990 | D:6      | Found a glowing silver altar of Zin.
  6537 | D:7      | Found a burning altar of Makhleb.
  6585 | D:7      | Reached skill level 5 in Dodging
  6602 | D:7      | Upgraded the game from 0.17-a0-1650-gce8475a to 0.17-a0-1651-gae1a69f
  6818 | D:7      | Gained mutation: Your spells are a little harder to cast, but a little more powerful. [mutagenic meat]
  6819 | D:7      | Gained mutation: You are clumsy. (Dex -2) [mutagenic meat]
  6826 | D:7      | Lost mutation: You are clumsy. (Dex -2) [mutagenic meat]
  6827 | D:7      | Gained mutation: You can spit weak poison. [mutagenic meat]
  7073 | D:7      | Found a staircase to the Ecumenical Temple.
  7082 | Temple   | Entered the Ecumenical Temple
  7179 | D:8      | Found a white marble altar of Elyvilon.
  7220 | D:8      | Reached skill level 7 in Shields
  7775 | D:8      | Found a glowing golden altar of the Shining One.
  7778 | D:8      | Found a stormy altar of Qazlal.
  7783 | D:8      | Noticed Erolcha
  7823 | D:8      | Killed Erolcha
  7823 | D:8      | Reached skill level 8 in Shields
  7823 | D:8      | Reached XP level 10. HP: 42/76 MP: 8/10
  7851 | D:8      | Noticed Maurice
  7979 | D:8      | Received a gift from Yredelemnul
  7984 | D:8      | Killed Maurice
  8096 | D:8      | Noticed Grum
  8110 | D:8      | Killed Grum
  8119 | D:8      | Acquired Yredelemnul's fourth power
  8374 | D:8      | Found a radiant altar of Vehumet.
  8604 | D:9      | Found a stormy altar of Qazlal.
  8843 | D:9      | Reached skill level 9 in Shields
  8926 | D:9      | Noticed a hill giant
  8940 | D:9      | Killed a hill giant
  9429 | D:10     | Entered Level 10 of the Dungeon
  9717 | D:10     | Found a staircase to the Lair.
  9869 | D:10     | Found a roughly hewn altar of Beogh.
  9869 | D:10     | Noticed an orc knight
  9869 | D:10     | Noticed an orc knight
 10254 | D:4      | Bought a scroll of remove curse for 36 gold pieces
 10623 | D:10     | Killed an orc knight
 10680 | D:9      | Received a gift from Yredelemnul
 10971 | D:10     | Reached skill level 5 in Necromancy
 11037 | D:10     | Acquired Yredelemnul's fifth power
 11046 | D:10     | Received a gift from Yredelemnul
 11047 | D:10     | Found a staircase to the Orcish Mines.
 11207 | D:10     | Gained mutation: You have a pair of small horns on your head. [demonic ancestry]
 11207 | D:10     | Reached XP level 11. HP: 42/83 MP: 11/11
 11638 | D:10     | Killed an orc knight
 11762 | Orc:1    | Entered Level 1 of the Orcish Mines
 11899 | Orc:1    | Received a gift from Yredelemnul
 11962 | Orc:1    | Found a frozen archway.
 11975 | Orc:1    | Reached skill level 10 in Shields
 11979 | Orc:1    | Found a radiant altar of Vehumet.
 11999 | IceCv    | Entered an ice cave
 12399 | Orc:1    | You fall through a shaft!
 12481 | Orc:2    | Received a gift from Yredelemnul
 13108 | Orc:2    | Received a gift from Yredelemnul
 13664 | Orc:3    | Found a staircase to the Elven Halls.
 13746 | Orc:4    | Entered Level 4 of the Orcish Mines
 13808 | Orc:4    | Noticed an orc warlord
 13829 | Orc:4    | Received a gift from Yredelemnul
 14032 | Orc:4    | Received a gift from Yredelemnul
 14045 | Orc:4    | Noticed Nessos
 14075 | Orc:4    | Killed Nessos
 14115 | Orc:4    | Your ally Nessos died
 14126 | Orc:4    | Reached skill level 5 in Armour
 14148 | Orc:4    | Killed an orc warlord
 14599 | Orc:4    | Received a gift from Yredelemnul
 14611 | Orc:4    | Noticed an ogre mage
 14616 | Orc:4    | Noticed an ogre mage
 14617 | Orc:4    | Reached skill level 11 in Shields
 14645 | Orc:4    | Killed an ogre mage
 14645 | Orc:4    | Reached XP level 12. HP: 5/92 MP: 2/12
 14645 | Orc:4    | HP: 3/92 [something (2)]
 14645 | Orc:4    | Slain by an ogre

Vault maps used:
D:1:      dpeg_arrival_boxorama
D:2:      ecumenical_altar_1, nrook_mini_backslash
D:3:      led_sif_book, corexii_hall_statues_l, uniq_robin
D:4:      serial_shops, shop_coins, shop_scrolls, first_bread, uniq_pikel
D:5:      kennysheep_six_static_rooms, serial_shops, shop,
          kb_lookout_dungeons_type, small_statue_intersection, minivault_5,
          uniq_edmund, uniq_eustachio
D:6:      gammafunk_temple_overflow_pools, minmay_misc_feat_cross
D:7:      old_standard_altar, temple_hall
D:8:      lemuel_doored_altar, grunt_temple_overflow_open,
          hangedman_little_slice_of_home, elyvilon_altar_5, uniq_erolcha,
          uniq_grum, uniq_maurice
D:9:      grunt_qazlal_clouds
D:10:     david_lair_shrubbed, david_orc_5
Temple:   minmay_freezing_vapour_temple_12
Orc:1:    portal_ice_cave_entry_ice_beasts, basic_altar
Orc:2:    nicolae_orc_lava_room
Orc:3:    serial_shops, shop, shop, nicolae_shop_trees, shop,
          nicolae_shop_stone, nicolae_orc_pool_cavern, lightli_church_of_beogh
Orc:4:    st_orc_ogre_mass, uniq_nessos
IceCv:    ice_cave_small_necro

Action                   |  1- 3 |  4- 6 |  7- 9 | 10-12 || total
-------------------------+-------+-------+-------+-------++-------
Melee: War axe           |   122 |   186 |   149 |   359 ||   816
       Whip              |       |       |   705 |   287 ||   992
       Hand axe          |       |       |       |   146 ||   146
Throw: Throwing net      |       |       |     4 |     1 ||     5
Invok: Animate Remains   |     3 |    10 |     2 |       ||    15
       Animate Dead      |       |       |       |    22 ||    22
 Abil: Evoke Berserk Rag |       |       |     1 |       ||     1
       Spit Poison       |       |       |     3 |     2 ||     5
Evoke: Wand              |       |       |       |     3 ||     3
  Use: Scroll            |       |     8 |     7 |     6 ||    21
       Potion            |       |       |    12 |     3 ||    15
 Stab: Sleeping          |       |     1 |       |       ||     1
       Distracted        |       |       |     1 |     3 ||     4
  Eat: Chunk             |     9 |     6 |    15 |    20 ||    50
       Beef jerky        |       |       |     1 |       ||     1
       Bread ration      |       |       |     1 |       ||     1
       Meat ration       |       |       |       |     1 ||     1
